 Dungeon Crawl Stone Soup version 0.22.1-6-g1668fe2c40 (webtiles) character file.

1617 Descartes the Grappler (level 8, 0/40 HPs)
             Began as a Vine Stalker Wanderer on Jan 18, 2019.
             Was a Priest of Cheibriados.
             Splashed by a jelly's acid (5 damage)
             ... on level 6 of the Dungeon on Jan 19, 2019.
             The game lasted 00:24:21 (4766 turns).

Descartes the Grappler (Vine Stalker Wanderer)      Turns: 4766, Time: 00:24:21

Health: 0/40       AC: -2    Str: 25      XL:     8   Next: 96%
Magic:  0/13       EV: 11    Int: 22 (23) God:    Cheibriados [***...]
Gold:   306        SH:  0    Dex: 21      Spells: 13/13 levels left

rFire    + . .     SeeInvis .   a - +2 dagger
rCold    . . .     Gourm    .   (no shield)
rNeg     . . .     Faith    .   s - +1 chain mail {rF+}
rPois    .         Spirit   +   q - +0 helmet
rElec    .         Reflect  .   (no cloak)
rCorr    .         Harm     .   (no gloves)
MR       ++...                  (no boots)
Stlth    ..........             G - amulet of regeneration
HPRegen  0.93/turn              A - ring of stealth
MPRegen  0.13/turn              y - ring of protection from magic

@: corroded, very slow
A: fangs 3, blink, clever 1, deterioration 1, sense surroundings 1, regeneration
1, magic shield, antimagic bite, no potion heal 3, rot immunity
a: Blink, Bend Time, Temporal Distortion, Renounce Religion


You were on level 6 of the Dungeon.
You worshipped Cheibriados.
Cheibriados was most pleased with you.
You were hungry.

You visited 1 branch of the dungeon, and saw 6 of its levels.
You also visited: Sewer.

You collected 306 gold pieces.

Inventory:

Hand Weapons
 a - a +2 dagger (weapon)
 b - a +0 hand crossbow
 i - a +0 blowgun
 r - a +2 hand axe of holy wrath
 t - a +0 hunting sling
 x - a +1 rapier of venom
Missiles
 d - 47 poisoned needles
 h - 105 stones (quivered)
 j - 15 arrows
 m - a throwing net
 w - 44 bolts
Armour
 q - a +0 helmet (worn)
 s - a +1 chain mail of fire resistance (worn)
 B - a +2 leather armour of poison resistance
 H - the +1 robe of the Trees {+Fly rCorr}
   (You found it on level 5 of the Dungeon)

   It lets you fly.
   It provides partial protection from all sources of acid and corrosion.
Jewellery
 y - a ring of protection from magic (right hand)
 A - a ring of stealth (left hand)
 G - an amulet of regeneration (around neck)
Wands
 f - a wand of digging (18)
 n - a wand of paralysis (6)
 u - a wand of polymorph (18)
Scrolls
 k - 2 scrolls of magic mapping
 o - 2 scrolls of teleportation
 C - a scroll of blinking {unknown}
 D - 2 scrolls of remove curse
 E - a scroll of fear {unknown}
Potions
 c - a potion of curing
 e - a potion of berserk rage
 l - a potion of brilliance
 p - a potion of lignification
 v - a potion of magic
 z - a potion of invisibility
 F - 2 potions of flight
Comestibles
 g - 8 rations


   Skills:
 + Level 3.0 Fighting
   Level 1.0 Staves
 - Level 1.0 Throwing
 + Level 4.9 Dodging
 - Level 2.4 Stealth
 * Level 8.2 Unarmed Combat
 - Level 3.0 Spellcasting
   Level 2.0 Earth Magic


You had 13 spell levels left.
You didn't know any spells.
Your spell library was empty.

Dungeon Overview and Level Annotations

Branches:
Dungeon (6/15)
 Temple: D:4-7

Altars:
Ashenzari
Cheibriados
Hepliaklqana
Kikubaaqudgha
Okawaru
Ru
Trog
Zin


Innate Abilities, Weirdness & Mutations

You have razor-sharp teeth.
Your natural rate of healing is unusually fast.
When hurt, damage is shared between your health and your magic reserves.
Your bite disrupts and absorbs the magic of your enemies.
Potions cannot restore your health.
You are immune to rotting.
You can translocate small distances at will.
Your mind is acute. (Int +2)
Your body sometimes deteriorates upon taking damage.
You passively map a small area around you.


Message History

The jelly is lightly wounded.
The jelly hits you but does no damage.
You hit the jelly. The acid corrodes you!
Your hands burn!
* * * LOW HITPOINT WARNING * * *
You bite the jelly. You drain its power.
You feel invigorated.
The jelly is severely wounded.
The jelly hits you. The acid corrodes you!
You are splashed with acid!
The acid burns!
* * * LOW HITPOINT WARNING * * *
The jelly barely misses you.
You are feeling hungry.
The jelly misses you. The jelly hits you.
* * * LOW HITPOINT WARNING * * *
The acid corrodes you!
You are splashed with acid!
The acid burns!
* * * LOW HITPOINT WARNING * * *
The jelly hits you.
* * * LOW HITPOINT WARNING * * *
You are splashed with acid!
The acid burns!
You die...

###.#.#.# * , , #..†..#
** , *
##.....##########
#.............>.# *
#...........#.##.#
##.............#.####.#
##..[..#...#.........#
##...#[##.#.##.######
##.#.###@#.##J###### ,
###.....J..J.JJJ..# *
*, ###############J## ,
* #..# * * ##.## #JJ# ,
##J# #.# , #J#


You could see 3 jellies and an ooze.

Vanquished Creatures
  A slime creature (D:6)
  Sigmund (D:6)
  Eustachio (D:6)
  An ice beast (D:5)
  A big kobold (Sewer)
  3 scorpions
  A howler monkey (D:4)
  4 crimson imps (D:5)
  A jelly (D:5)
  5 orc wizards
  2 bullfrog skeletons
  3 orc priests
  2 iguanas
  2 worker ants
  A hound zombie (D:5)
  A river rat (Sewer)
  9 adders
  3 oozes (D:6)
  An adder skeleton (D:4)
  5 worms
  2 dart slugs
  2 leopard geckos
  11 orcs
  3 giant cockroaches
  8 hobgoblins
  9 jackals
  2 ball pythons
  7 bats
  4 frilled lizards
  A giant cockroach zombie (D:5)
  8 goblins
  8 kobolds
  A leopard gecko skeleton (D:4)
  A leopard gecko zombie (D:5)
  9 rats
124 creatures vanquished.

Vanquished Creatures (others)
  6 fungi (D:6)
6 creatures vanquished.

Grand Total: 130 creatures vanquished

Notes
Turn   | Place    | Note
-------+----------+-------------------------------------------
     0 | D:1      | Descartes the Vine Stalker Wanderer began the quest for the
                  | Orb.
     0 | D:1      | Descartes set off with: a +2 dagger, a potion of berserk
                  | rage, a potion of curing, 12 poisoned needles, a +0
                  | blowgun, a +0 robe, a ration
     0 | D:1      | Reached XP level 1. HP: 11/11 MP: 3/3
   127 | D:1      | Reached skill level 1 in Unarmed Combat
   127 | D:1      | Reached XP level 2. HP: 7/15 MP: 3/5
   676 | D:1      | Reached XP level 3. HP: 18/18 MP: 4/6
   829 | D:2      | Reached skill level 2 in Unarmed Combat
  1438 | D:2      | Found an ancient bone altar of Kikubaaqudgha.
  1439 | D:2      | Found a glowing silver altar of Zin.
  1439 | D:2      | Found a bloodstained altar of Trog.
  1490 | D:2      | Found a sacrificial altar of Ru.
  1622 | D:2      | Gained mutation: Your natural rate of healing is unusually
                  | fast. [Vine Stalker growth]
  1622 | D:2      | Reached XP level 4. HP: 21/23 MP: 4/8
  2078 | D:2      | Found a snail-covered altar of Cheibriados.
  2082 | D:2      | Became a worshipper of Cheibriados the Contemplative
  2186 | D:3      | Found a faded altar of an unknown god.
  2523 | D:3      | Found an iron altar of Okawaru.
  2892 | D:3      | Reached skill level 3 in Unarmed Combat
  2892 | D:3      | Reached XP level 5. HP: 25/26 MP: 6/9
  2908 | D:4      | Reached * piety under Cheibriados
  3035 | D:4      | Gained mutation: You are covered in fur. (AC +1) [potion of
                  | mutation]
  3035 | D:4      | Gained mutation: You have a pair of small horns on your
                  | head. [potion of mutation]
  3088 | D:4      | Reached XP level 6. HP: 28/30 MP: 9/11
  3113 | D:4      | Reached skill level 4 in Unarmed Combat
  3394 | D:4      | Reached XP level 7. HP: 25/34 MP: 6/12
  3475 | D:5      | Entered Level 5 of the Dungeon
  3508 | D:5      | Reached skill level 5 in Unarmed Combat
  3575 | D:5      | Reached ** piety under Cheibriados
  3608 | D:5      | Found a glowing drain.
  3638 | D:5      | Reached skill level 6 in Unarmed Combat
  3659 | Sewer    | Entered a sewer
  3775 | Sewer    | Found a white marble altar of Elyvilon.
  3905 | D:5      | Gained mutation: You have razor-sharp teeth. [Vine Stalker
                  | growth]
  3905 | D:5      | Reached XP level 8. HP: 38/38 MP: 13/13
  3949 | D:5      | Lost mutation: You have a pair of small horns on your head.
                  | [potion of mutation]
  3949 | D:5      | Lost mutation: You are covered in fur. (AC +1) [potion of
                  | mutation]
  3949 | D:5      | Gained mutation: You passively map a small area around you.
                  | [potion of mutation]
  3949 | D:5      | Gained mutation: Your mind is acute. (Int +2) [potion of
                  | mutation]
  3949 | D:5      | Gained mutation: Your body sometimes deteriorates upon
                  | taking damage. [potion of mutation]
  3949 | D:5      | Gained mutation: You can translocate small distances at
                  | will. [potion of mutation]
  3956 | D:5      | Reached *** piety under Cheibriados
  4056 | D:5      | Got a creamy pearl robe
  4067 | D:5      | Identified the +1 robe of the Trees {+Fly rCorr} (You found
                  | it on level 5 of the Dungeon)
  4197 | D:5      | Reached skill level 7 in Unarmed Combat
  4271 | D:5      | Found a shattered altar of Ashenzari.
  4595 | D:5      | Found a hazy altar of Hepliaklqana.
  4650 | D:6      | Noticed Sigmund
  4659 | D:6      | Killed Sigmund
  4675 | D:6      | Noticed Eustachio
  4685 | D:6      | Killed Eustachio
  4727 | D:6      | Noticed a slime creature
  4749 | D:6      | Killed a slime creature
  4749 | D:6      | Reached skill level 8 in Unarmed Combat
  4759 | D:6      | HP: 1/40 [acid (4)]
  4766 | D:6      | Splashed by a jelly's acid

Skill      XL: |  1  2  3  4  5  6  7  8 |
---------------+-------------------------+-----
Unarmed Combat | 1 2 3 4 6 8 |  8.2
Spellcasting   | 2 3 |  3.0
Dodging        | 2 3 4 |  4.9
Fighting       | 3 |  3.0
Staves         | |  1.0
Throwing       | |  1.0
Stealth        | |  2.4
Earth Magic    | |  2.0

Action                   |  1- 3 |  4- 6 |  7- 9 || total
-------------------------+-------+-------+-------++-------
Melee: Dagger            |   116 |   115 |    64 ||   295
       Bite              |    26 |    55 |    59 ||   140
       Punch             |       |     1 |     5 ||     6
       Rapier            |       |    46 |    65 ||   111
       Headbutt          |       |     9 |    12 ||    21
 Fire: Hand crossbow     |       |       |    44 ||    44
Invok: Bend Time         |       |       |     2 ||     2
  Use: Scroll            |     5 |     6 |     1 ||    12
       Potion            |       |     1 |     2 ||     3
  Eat: Chunk             |     2 |     6 |     2 ||    10
Armor: Scale mail        |    27 |       |       ||    27
       Robe              |     1 |       |       ||     1
       Chain mail        |    35 |    88 |    92 ||   215
Dodge: Dodged            |    49 |    58 |    93 ||   200
